 Dungeon Sprint DCSS version 0.17-a0-1324-ga541562 (webtiles) character file.

1127 Kidiri the Covert (level 8, 0/36 HPs)
             Began as a Spriggan Enchanter on June 9, 2015.
             Was a Believer of Dithmenos.
             Succumbed to Erica's bolt of poison
             ... while paralysed by miscasting Warp Weapon
             ... in the Dungeon (Sprint III: "The Ten Rune Challenge").
             The game lasted 00:06:20 (849 turns).

Kidiri the Covert (Spriggan Enchanter)               Turns: 849, Time: 00:06:20

Health: 0/36       AC:  3    Str:  4    XL:     8   Next: 13%
Magic:  12/20      EV:  4    Int: 17    God:    Dithmenos [**....]
Gold:   29         SH:  0    Dex: 18    Spells: 6 memorised, 4 levels left

rFire  . . .     SeeInvis +     a - +1 dagger
rCold  . . .     Clarity  .     b - +1 robe
rNeg   . . .     SustAt   .     (shield restricted)
rPois  .         Gourm    .     (helmet restricted)
rElec  .         Spirit   .     (no cloak)
rCorr  .         Warding  .     (gloves unavailable)
rMut   .         NoTele   +     (boots unavailable)
MR     +....                    (no amulet)
Stlth  ++++++++..               (no ring)
                                (no ring)

@: paralysed, lethally poisoned (0 -> -6), very slightly contaminated, wreathed
by umbra, very quick, somewhat resistant to hostile enchantments,
extraordinarily stealthy
A: unfitting armour, see invisible, herbivore 3, speed 3, slow metabolism 2
a: Shadow Step, Renounce Religion


You were in the Dungeon.
You worshipped Dithmenos.
Dithmenos was pleased with you.
You were not hungry.

You visited 1 branch You collected 29 gold pieces.

Inventory:

Hand weapons
 a - a +1 dagger (weapon)
Armour
 b - a +1 robe (worn)
Magical devices
 k - a wand of fireball (0)
 u - a wand of frost (12)
Scrolls
 j - a scroll of blinking
 n - 2 scrolls of holy word {unknown}
 p - 2 scrolls of remove curse {unknown}
Potions
 e - a potion of curing
 f - a potion of heal wounds
 g - a potion of haste
 h - 2 potions of magic
 i - a potion of cure mutation
 l - a potion of ambrosia
 o - a potion of berserk rage
 r - a potion of might
 s - 3 potions of flight
Books
 c - a book of Maledictions

   Spells                             Type                      Level
   a - Corona                         Hexes                        1
   b - Ensorcelled Hibernation        Hexes/Ice                    2
   c - Confuse                        Hexes                        3
   d - Tukima's Dance                 Hexes                        3
   e - Dazzling Spray                 Conjuration/Hexes            3
 m - a book of the Warp

   Spells                             Type                      Level
   a - Recall                         Summoning/Translocation      3
   b - Gell's Gravitas                Hexes/Translocation          3
   c - Control Teleport               Charms/Translocation         4
   d - Force Lance                    Conjuration/Translocation    4
   e - Phase Shift                    Translocation                5
   f - Warp Weapon                    Charms/Translocation         5
   g - Summon Forest                  Summoning/Translocation      5
Comestibles
 d - a bread ration
 q - 2 royal jellies
 t - 3 fruits


   Skills:
 * Level 9.2 Short Blades
 * Level 12.1 Dodging
 * Level 13.1 Stealth
 + Level 7.4 Spellcasting
 + Level 1.0 Conjurations
 + Level 7.9 Hexes
 + Level 2.6 Charms
 + Level 2.3 Translocations
 + Level 4.3 Ice Magic
 + Level 1.6 Invocations


You had 4 spell levels left.
You knew the following spells:

 Your Spells              Type           Power        Failure   Level  Hunger
a - Corona                Hex            ####...      1%          1    None
b - Ensorcelled Hibernat  Hex/Ice        ####..       1%          2    None
c - Confuse               Hex            ####....     1%          3    ##.....
d - Tukima's Dance        Hex            ####....     1%          3    ##.....
e - Dazzling Spray        Conj/Hex       ###.....     8%          3    ##.....
f - Warp Weapon           Chrm/Tloc      ##........   95%         5    #####..


Dungeon Overview and Level Annotations

Branches:
Dungeon (1/1)

Altars:
Cheibriados
Dithmenos
Elyvilon
Fedhas
Gozag
Kikubaaqudgha
Makhleb
Nemelex Xobeh
Okawaru
Qazlal
Ru
Sif Muna
Trog
Vehumet
Xom
Yredelemnul
Zin
The Shining One
Jiyva
Lugonu

Annotations:
D Erica


Innate Abilities, Weirdness & Mutations

You are tiny and cannot use many weapons and most armour.
You have supernaturally acute eyesight.
You are a herbivore.
You cover ground extremely quickly.
You need consume almost no food.


Message History

You miscast Warp Weapon.
You are very lightly contaminated with residual magic.
You suddenly lose the ability to move!
Erica points at you and mumbles some strange words.
The bolt of poison hits you!
You are poisoned.
You feel sick.
Erica casts a spell.
Erica flickers and vanishes for a moment.
You feel sick. Erica gestures at you while chanting.
Helpless, you fail to dodge the orb of energy.
The orb of energy explodes!
You feel sick.
Erica hits you with a scimitar of flaming!
* * * LOW HITPOINT WARNING * * *
Erica burns you.
* * * LOW HITPOINT WARNING * * *
Erica barely misses you.
You die...

.#)..#..)#._#
.###'#'###'##
.#..........#
.'.⌠........#
.#...######'#
.#.⌠.#__#...#+#####
.#...#__#...#..≈≈≈+
.#'###__#...#§#§§§#
.#.))#__#...§§#§@§#
.#___#_.'...#.#§@§#
▓▓▓▓▓▓▓▓▓▓▓▓▓▓▓▓▓▓▓


You could see Erica (invisible).

Vanquished Creatures
  A deep elf priest (D)
  A shadow (D)
  A spatial vortex (D)
  A necrophage (D)
  A water elemental (D)
  A scorpion (D)
  A wizard (D)
  A jelly (D)
  Jessica (D)
  A necromancer (D)
  A kobold demonologist (D)
  3 humans (D)
  2 rats (D)
16 creatures vanquished.

Vanquished Creatures (others)
  2 draconian scorchers (D)
  2 yaktaurs (D)
4 creatures vanquished.

Grand Total: 20 creatures vanquished

Notes
Turn   | Place    | Note
--------------------------------------------------------------
     0 | D        | Kidiri the Spriggan Enchanter began the quest for the Orb.
     0 | D        | Reached XP level 1. HP: 9/9 MP: 5/5
    42 | D        | Killed a yaktaur
   102 | D        | Noticed Jessica
   106 | D        | Killed Jessica
   106 | D        | Reached skill level 5 in Dodging
   106 | D        | Reached skill level 6 in Stealth
   106 | D        | Reached XP level 2. HP: 13/13 MP: 5/7
   134 | D        | Learned a level 2 spell: Ensorcelled Hibernation
   149 | D        | Noticed a scorpion
   152 | D        | Killed a scorpion
   152 | D        | Reached skill level 7 in Stealth
   152 | D        | Reached skill level 1 in Ice Magic
   152 | D        | Reached XP level 3. HP: 16/16 MP: 7/9
   152 | D        | Reached XP level 4. HP: 21/21 MP: 8/11
   157 | D        | Reached skill level 5 in Hexes
   185 | D        | Gained mutation: You are resistant to hostile enchantments. [potion of mutation]
   185 | D        | Gained mutation: You have sharp toenails. [potion of mutation]
   185 | D        | Gained mutation: You are frail (-10% HP). [potion of mutation]
   186 | D        | Gained mutation: You are very frail (-20% HP). [potion of mutation]
   186 | D        | Gained mutation: Armour fits poorly on your strangely shaped body. [potion of mutation]
   186 | D        | Gained mutation: You expend magic power (3 MP) to strengthen your wands. [potion of mutation]
   188 | D        | Lost mutation: You expend magic power (3 MP) to strengthen your wands. [potion of cure mutation]
   188 | D        | Lost mutation: You have sharp toenails. [potion of cure mutation]
   188 | D        | Lost mutation: You are very frail (-20% HP). [potion of cure mutation]
   189 | D        | Lost mutation: You are frail (-10% HP). [potion of cure mutation]
   189 | D        | Lost mutation: Armour fits poorly on your strangely shaped body. [potion of cure mutation]
   189 | D        | Lost mutation: You are resistant to hostile enchantments. [potion of cure mutation]
   262 | D        | Noticed a water elemental
   295 | D        | Killed a white draconian scorcher
   310 | D        | Killed a water elemental
   310 | D        | Reached skill level 5 in Short Blades
   310 | D        | Reached skill level 8 in Stealth
   310 | D        | Reached XP level 5. HP: 10/24 MP: 13/13
   323 | D        | Learned a level 3 spell: Confuse
   327 | D        | Learned a level 3 spell: Tukima's Dance
   331 | D        | Learned a level 3 spell: Dazzling Spray
   348 | D        | Killed a white draconian scorcher
   602 | D        | Noticed a jelly
   603 | D        | Noticed a shadow
   605 | D        | Killed a shadow
   605 | D        | Reached skill level 9 in Dodging
   605 | D        | Reached skill level 10 in Stealth
   605 | D        | Reached skill level 5 in Spellcasting
   605 | D        | Reached XP level 6. HP: 28/28 MP: 13/15
   608 | D        | Killed a jelly
   611 | D        | Killed a yaktaur
   651 | D        | Found a stormy altar of Qazlal.
   652 | D        | Found a sacrificial altar of Ru.
   652 | D        | Found a burning altar of Makhleb.
   652 | D        | Found a viscous altar of Jiyva.
   652 | D        | Found a shimmering altar of Xom.
   652 | D        | Found a shadowy altar of Dithmenos.
   652 | D        | Found a sparkling altar of Nemelex Xobeh.
   652 | D        | Found a corrupted altar of Lugonu.
   652 | D        | Found an opulent altar of Gozag.
   652 | D        | Noticed a spatial vortex
   656 | D        | Killed a spatial vortex
   656 | D        | Reached skill level 10 in Dodging
   656 | D        | Reached skill level 11 in Stealth
   658 | D        | Became a worshipper of Dithmenos the Shadowed
   685 | D        | Found a glowing silver altar of Zin.
   686 | D        | Found a glowing golden altar of the Shining One.
   686 | D        | Found a white marble altar of Elyvilon.
   686 | D        | Noticed a deep elf priest
   688 | D        | Killed a deep elf priest
   688 | D        | Reached skill level 12 in Stealth
   688 | D        | Reached XP level 7. HP: 32/32 MP: 16/18
   709 | D        | Found a radiant altar of Vehumet.
   710 | D        | Found a deep blue altar of Sif Muna.
   710 | D        | Found an ancient bone altar of Kikubaaqudgha.
   710 | D        | Noticed a wizard
   711 | D        | Killed a wizard
   724 | D        | Learned a level 5 spell: Warp Weapon
   737 | D        | Found an iron altar of Okawaru.
   737 | D        | Found a bloodstained altar of Trog.
   737 | D        | Noticed a human
   738 | D        | Noticed a human
   740 | D        | Killed a human
   740 | D        | Reached skill level 1 in Charms
   740 | D        | Reached skill level 1 in Translocations
   741 | D        | Killed a human
   741 | D        | Reached skill level 13 in Stealth
   741 | D        | Reached skill level 1 in Invocations
   741 | D        | Reached XP level 8. HP: 36/36 MP: 20/20
   757 | D        | Found a basalt altar of Yredelemnul.
   757 | D        | Found a snail-covered altar of Cheibriados.
   757 | D        | Found a blossoming altar of Fedhas.
   757 | D        | Noticed a necrophage
   757 | D        | Noticed a necromancer
   759 | D        | Killed a necrophage
   759 | D        | Acquired Dithmenos's first power
   759 | D        | Reached skill level 1 in Conjurations
   760 | D        | Killed a necromancer
   837 | D        | Noticed Erica
   844 | D        | Paralysed by miscasting Warp Weapon for 6 turns
   847 | D        | HP: 1/36 [Erica/scimitar of flaming (4)]
   849 | D        | Succumbed to Erica's bolt of poison

Vault maps used:
D:        dungeon_sprint_mu

Action                   |  1- 3 |  4- 6 |  7- 9 || total
-------------------------+-------+-------+-------++-------
Melee: Dagger            |     4 |     9 |     8 ||    21
 Cast: Ensorcelled Hiber |       |     2 |     2 ||     4
Evoke: Wand              |       |     3 |       ||     3
  Use: Potion            |       |     5 |       ||     5
       Scroll            |       |     3 |       ||     3
 Stab: Sleeping          |     4 |     5 |     6 ||    15
